 Dungeon Crawl Stone Soup version 0.22-a0-407-gb098539405 (webtiles) character file.

86 Chiseanne the Insei (level 4, -3/34 HPs)
             Began as a Gnoll Transmuter on May 9, 2018.
             Was an Initiate of Cheibriados.
             Killed by divine providence
             ... invoked by an orc priest
              (11 damage)
             ... on level 3 of the Dungeon.
             The game lasted 00:07:22 (2656 turns).

Chiseanne the Insei (Gnoll Transmuter)              Turns: 2656, Time: 00:07:22

Health: -3/34      AC:  5    Str: 14    XL:     4   Next: 49%
Magic:  11/11      EV: 13    Int: 17    God:    Cheibriados [......]
Gold:   140        SH:  0    Dex: 16    Spells: 12/13 levels left

rFire    . . .     SeeInvis .   a - +0 mace
rCold    + . .     Gourm    .   (no shield)
rNeg     . . .     Faith    .   m - +0 ring mail {rC+}
rPois    .         Spirit   .   (no helmet)
rElec    .         Reflect  .   (no cloak)
rCorr    .         Harm     .   (no gloves)
MR       .....                  (no boots)
Stlth    +.........             (no amulet)
HPRegen  0.11/turn              (no ring)
MPRegen  0.12/turn              (no ring)

@: very slow
A: distributed training, fangs 1, strong nose
a: Bend Time, Renounce Religion


You were on level 3 of the Dungeon.
You worshipped Cheibriados.
Cheibriados was noncommittal.
You were not hungry.

You visited 1 branch of the dungeon, and saw 3 of its levels.

You collected 140 gold pieces.

Inventory:

Hand Weapons
 a - a +0 mace (weapon)
Missiles
 b - 68 arrows
 c - 20 bolts
 h - 81 stones (quivered)
Armour
 m - a +0 ring mail of cold resistance (worn)
Scrolls
 n - a scroll of teleportation
 p - a scroll of enchant armour
Potions
 e - 2 potions of agility
 f - a potion of heal wounds
 g - a potion of resistance
 i - a potion of lignification {unknown}
 j - a potion of curing
 k - a potion of cancellation
 l - a potion of ambrosia {unknown}
 q - a potion of magic
Comestibles
 d - 4 rations


   Skills:
 + Level 2.7 Fighting
 + Level 1.1 Short Blades
 + Level 1.1 Long Blades
 + Level 1.1 Axes
 + Level 1.1 Maces & Flails
 + Level 1.1 Polearms
 + Level 1.1 Staves
 + Level 1.1 Slings
 + Level 1.1 Bows
 + Level 1.1 Crossbows
 + Level 1.1 Throwing
 + Level 1.1 Armour
 + Level 4.6 Dodging
 + Level 1.1 Stealth
 + Level 1.1 Shields
 + Level 6.6 Unarmed Combat
 + Level 5.1 Spellcasting
 + Level 0.9 Conjurations
 + Level 0.9 Hexes
 + Level 0.9 Charms
 + Level 0.9 Summonings
 + Level 0.9 Necromancy
 + Level 0.9 Translocations
 + Level 3.8 Transmutations
 + Level 0.9 Fire Magic
 + Level 0.9 Ice Magic
 + Level 0.9 Air Magic
 + Level 0.9 Earth Magic
 + Level 0.9 Poison Magic
 + Level 1.2 Invocations
 + Level 1.1 Evocations


You had 12 spell levels left.
You knew the following spells:

 Your Spells              Type           Power        Failure   Level  Hunger
a - Beastly Appendage     Tmut           ###...       6%          1    None


Dungeon Overview and Level Annotations

Branches:
Dungeon (3/15)

Altars:
Cheibriados
Trog

Annotations:
D:3 brujo666's ghost, amateur DsHu


Innate Abilities, Weirdness & Mutations

Your experience applies equally to all skills.
You have very sharp teeth.
Your uncanny sense of smell can sniff out nearby items.


Message History

The orc priest hits you but does no damage.
You hit the orc priest but do no damage.
The orc priest is heavily wounded.
The orc closely misses you.
The orc priest miscasts a cantrip.
The orc hits you with a club.
* * * LOW HITPOINT WARNING * * *
The orc priest misses you.
You hit the orc priest but do no damage.
Your bite misses the orc priest.
The orc priest is heavily wounded.
The orc priest closely misses you. The orc hits you but does no damage.
Your ring mail prevents you from hitting the orc priest.
The orc priest is heavily wounded.
The orc priest hits you but does no damage.
You hit the orc priest.
The orc priest is severely wounded.
The orc priest mumbles some strange prayers to Beogh against you.
Beogh smites you!
You die...

.......#.....#...............
.............#...............
.......#.....................
#............##..............
#............................
#...............#.......#####
#.............#...#####..# #.
#...............### ####.. #.
#...........@o### #...#.##.
.# ..........###o# #...#....
.#. #...#..##....o# #...##..#
...
..###..####..########...#....
.. .............#............
## .#.......o.....###........
.## .........>.### #...#....
... ...........# ##<.......
... ...........# #....#....


You could see an orc priest and 2 orcs.

Vanquished Creatures
  3 adders (D:2)
  An ooze (D:2)
  An orc (D:3)
  3 giant cockroaches
  4 goblins
  9 hobgoblins
  4 jackals
  A ball python (D:1)
  5 bats
  11 kobolds
  12 rats
54 creatures vanquished.

Notes
Turn   | Place    | Note
-------+----------+-------------------------------------------
     0 | D:1      | Chiseanne the Gnoll Transmuter began the quest for the Orb.
     0 | D:1      | Reached XP level 1. HP: 17/17 MP: 6/6
   219 | D:1      | Reached XP level 2. HP: 16/23 MP: 5/7
   856 | D:1      | Reached XP level 3. HP: 28/28 MP: 9/9
  1023 | D:2      | Reached skill level 5 in Spellcasting
  1110 | D:2      | Noticed a moth of wrath
  1113 | D:2      | Found a bloodstained altar of Trog.
  1322 | D:2      | Reached skill level 1 in Invocations
  1674 | D:2      | Reached skill level 1 in Short Blades
  1674 | D:2      | Reached skill level 1 in Long Blades
  1674 | D:2      | Reached skill level 1 in Axes
  1674 | D:2      | Reached skill level 1 in Maces & Flails
  1674 | D:2      | Reached skill level 1 in Polearms
  1674 | D:2      | Reached skill level 1 in Staves
  1674 | D:2      | Reached skill level 1 in Slings
  1674 | D:2      | Reached skill level 1 in Bows
  1674 | D:2      | Reached skill level 1 in Crossbows
  1674 | D:2      | Reached skill level 1 in Throwing
  1674 | D:2      | Reached skill level 1 in Armour
  1674 | D:2      | Reached skill level 1 in Stealth
  1674 | D:2      | Reached skill level 1 in Shields
  1674 | D:2      | Reached skill level 1 in Evocations
  1674 | D:2      | Reached XP level 4. HP: 26/34 MP: 11/11
  1949 | D:2      | Found a snail-covered altar of Cheibriados.
  1962 | D:2      | Became a worshipper of Cheibriados the Contemplative
  2226 | D:3      | Noticed brujo666's ghost (amateur DsHu)
  2656 | D:3      | Killed from afar by an orc priest

Vault maps used:
D:1:      saegor_arrival_miasma
D:2:      lemuel_coloured_pillars_altar, tgw_trog
D:3:      first_ration, kennysheep_generic_room_8

Skill      XL: |  1  2  3 |
---------------+----------+-----
Spellcasting   | 5 |  5.1
Invocations    | 1 |  1.2
Short Blades   | 1 |  1.1
Long Blades    | 1 |  1.1
Axes           | 1 |  1.1
Maces & Flails | 1 |  1.1
Polearms       | 1 |  1.1
Staves         | 1 |  1.1
Slings         | 1 |  1.1
Bows           | 1 |  1.1
Crossbows      | 1 |  1.1
Throwing       | 1 |  1.1
Armour         | 1 |  1.1
Stealth        | 1 |  1.1
Shields        | 1 |  1.1
Evocations     | 1 |  1.1
Fighting       | |  2.7
Dodging        | |  4.6
Unarmed Combat | |  6.6
Conjurations   | |  0.9
Hexes          | |  0.9
Charms         | |  0.9
Summonings     | |  0.9
Necromancy     | |  0.9
Translocations | |  0.9
Transmutations | |  3.8
Fire Magic     | |  0.9
Ice Magic      | |  0.9
Air Magic      | |  0.9
Earth Magic    | |  0.9
Poison Magic   | |  0.9

Action                   |  1- 3 |  4- 6 || total
-------------------------+-------+-------++-------
Melee: Unarmed           |    16 |       ||    16
       Short sword       |    77 |       ||    77
       Bite              |    10 |     2 ||    12
       Punch             |     3 |     2 ||     5
       Kick              |     7 |       ||     7
       Headbutt          |     1 |       ||     1
       Mace              |    25 |    56 ||    81
 Cast: Beastly Appendage |     9 |       ||     9
  Use: Scroll            |     7 |     4 ||    11
 Stab: Sleeping          |     1 |       ||     1
  Eat: Chunk             |     2 |     4 ||     6
Armor: Robe              |    14 |       ||    14
       Ring mail         |    12 |    21 ||    33
Dodge: Dodged            |   119 |    62 ||   181

Table legend:
 A = Spawn XP
 B = Non-spawn XP
 C = Spawn XP percentage of total XP
 D = Spawn monster count
 E = Non-spawn monster count
 F = Spawn count percentage of total count
 G = Total turns spent on level
                    A         B        C        D         E        F      G
               +---------+---------+-------+---------+---------+-------+---------
         Total |       0 |     123 |   0.0 |       0 |      54 |   0.0 |  2656
               +---------+---------+-------+---------+---------+-------+---------
           D:1 |       0 |      36 |   0.0 |       0 |      23 |   0.0 |  1011
           D:2 |       0 |      73 |   0.0 |       0 |      23 |   0.0 |  1472
           D:3 |       0 |      14 |   0.0 |       0 |       8 |   0.0 |   173
               +---------+---------+-------+---------+---------+-------+---------
